 Dungeon Crawl Stone Soup version 0.31.0-12-g77e489cdc1 (webtiles) character file.

Game seed: 14977215147477050065

91 jagang the Slasher (level 4, 0/36 HPs)
             Began as a Human Monk on Feb 19, 2024.
             Slain by an orc
             ... wielding a +0 club
              (2 damage)
             ... on level 3 of the Dungeon.
             The game lasted 00:02:20 (1483 turns).

jagang the Slasher (Human Monk)                     Turns: 1483, Time: 00:02:20

Health: 0/36       AC:  7    Str: 11    XL:     4   Next: 57%
Magic:  4/4        EV:  9    Int: 11    God:
Gold:   69         SH:  0    Dex: 17    Spells: 3/3 levels left

rFire   . . .        a - +0 falchion
rCold   . . .        d - orb {light}
rNeg    . . .        k - +0 scale mail
rPois   .            s - +0 helmet
rElec   .            (no cloak)
rCorr   .            (no gloves)
SInv    .            (no boots)
Will    .....        (no amulet) Stlth
                     (no ring)
HPRegen 0.26/turn    (no ring)
MPRegen 0.09/turn

%: no passive effects
@: glowing
A: explore regen
a: no special abilities


You were on level 3 of the Dungeon.
You visited 1 branch of the dungeon, and saw 3 of its levels.

You collected 69 gold pieces.

Inventory:

Hand Weapons
 a - a +0 falchion (weapon)
Missiles
 b - 2 atropa-tipped darts
 t - a throwing net
 x - 4 poisoned darts (quivered)
Armour
 d - an orb of light (worn)
 k - a +0 scale mail (worn)
 s - a +0 helmet (worn)
Talismans
 q - a dragon-blood talisman
Scrolls
 e - a scroll of summoning {unknown}
 i - a scroll of blinking {unknown}
 j - 2 scrolls of noise {unknown}
 m - a scroll of vulnerability {unknown}
 p - 3 scrolls of poison {unknown}
 u - a scroll of fear {unknown}
 v - a scroll of teleportation {unknown}
 w - 3 scrolls of identify {unknown}
 y - a scroll of brand weapon {unknown}
Potions
 c - 2 potions of ambrosia
 f - a potion of attraction {unknown}
 g - 2 potions of invisibility {unknown}
 h - a potion of mutation {unknown}
 l - 3 potions of curing {unknown}
 n - a potion of might {unknown}
 o - 2 potions of resistance {unknown}
 r - a potion of degeneration {unknown}
 z - a potion of cancellation {unknown}


   Skills:
 + Level 3.6 Fighting
 * Level 4.2 Long Blades
 + Level 1.7 Armour
 - Level 3.0 Dodging


You had 3 spell levels left.
You didn't know any spells.
Your spell library contained the following spells:

 Spells                   Type           Power      Damage    Failure   Level
 Ensorcelled Hibernation  Hex/Ice        0%         N/A       97%         2
 Lesser Beckoning         Tloc           0%         N/A       97%         2
 Scorch                   Fire           0%         2d5       97%         2
 Fugue of the Fallen      Necr           0%         N/A       99%         3
 Gell's Gravitas          Tloc           0%         N/A       99%         3
 Teleport Other           Tloc           0%         N/A       99%         3
 Anguish                  Hex/Necr       0%         N/A       100%        4
 Summon Cactus Giant      Summ           0%         N/A       100%        6
 Summon Hydra             Summ           0%         N/A       100%        7


Dungeon Overview and Level Annotations

Branches:
Dungeon (3/15)

Altars:


Innate Abilities, Weirdness & Mutations

You regain HP and MP as you explore.


Message History

You kill the orc!
The rat bites you but does no damage.
You feel less confused. The rat bites you but does no damage.
The orc hits you with a +0 morningstar.
Things that are here:
a +0 dagger; a +0 robe; an orc corpse You slash the rat!
You kill the rat!
The orc barely misses you.
You barely miss the orc. The orc closely misses you.
You hit the orc.
The orc is moderately wounded.
The orc hits you with a +0 club. The orc closely misses you.
You hit the orc.
The orc is almost dead.
The orc closely misses you. The endoplasm barely misses you.
The orc hits you with a +0 morningstar! The orc barely misses you.
You hit the orc.
You kill the orc!
The endoplasm freezes you.
You are frozen.
* * * LOW HITPOINT WARNING * * *
The orc barely misses you. The endoplasm freezes you.
You are frozen.
* * * LOW HITPOINT WARNING * * *
You hit the orc but do no damage. The orc hits you with a +0 club.
* * * LOW HITPOINT WARNING * * *
The endoplasm freezes you.
You are frozen.
* * * LOW HITPOINT WARNING * * *
Unknown command.
You hit the endoplasm.
The endoplasm is heavily wounded.
The orc barely misses you.
The endoplasm hits you but does no damage.
You hit the endoplasm.
You kill the endoplasm!
The orc hits you with a +0 club.
You die...

.. .# ##.##
#...# #...#
#...#
#####...####.
..##..))........
.......o@.......
..##...<.....)..
#####...#####
#...# #...#
#...# ...## ####


You could see an orc.

Vanquished Creatures
  An orc wizard (D:3)
  2 adders (D:2)
  2 dart slugs (D:1)
  2 ribbon worms
  3 orcs (D:3)
  5 endoplasms
  4 goblins
  6 hobgoblins
  2 quokkas (D:1)
  2 ball pythons (D:1)
  A bat (D:2)
  2 frilled lizards (D:1)
  3 kobolds
  4 rats
39 creatures vanquished.

Notes
Turn   | Place    | Note
-------+----------+-------------------------------------------
     0 | D:1      | jagang the Human Monk began the quest for the Orb.
     0 | D:1      | Reached XP level 1. HP: 18/18 MP: 1/1
    67 | D:1      | Reached XP level 2. HP: 19/24 MP: 2/2
   278 | D:1      | Reached skill level 1 in Armour
   300 | D:1      | Reached XP level 3. HP: 29/29 MP: 3/3
  1048 | D:2      | Got the Quarto of Generative Combustion
  1414 | D:2      | Reached skill level 4 in Long Blades
  1464 | D:3      | Reached XP level 4. HP: 35/35 MP: 4/4
  1481 | D:3      | HP: 1/36 [frozen (4)]
  1483 | D:3      | Slain by an orc

Illustrated notes

Levels and vault maps discovered:
D:1:      lightli_arrival_statue_moat, layout_basic
D:2:      layout_loops_ring
D:3:      layout_loops_cross, mainiacjoe_overflow_paths,
          shapermc_ecumenical_altar_mp_ritualfount,
          amcnicky_mini_rare_corridor_liquid, minmay_splitting_lines,
          kennysheep_generic_room_7

Skill      XL: |  1  2  3 |
---------------+----------+-----
Armour         | 1 |  1.7
Long Blades    | 4 |  4.2
Fighting       | |  3.6
Dodging        | |  3.0

Action                     |  1- 3 |  4- 6 || total
---------------------------+-------+-------++-------
  Melee: Falchion          |    81 |    18 ||    99
 Armour: Robe              |    11 |       ||    11
         Scale mail        |    44 |    32 ||    76
  Dodge: Dodged            |    56 |    13 ||    69
